 Dungeon Crawl Stone Soup version 0.20-a0-526-g753eaab (webtiles) character file.

753 Klosterheim the Caller (level 7, -1/56 HPs)
             Began as a Purple Draconian Summoner on Jan 26, 2017.
             Was a Follower of Cheibriados.
             Slain by Edmund
             ... wielding a +1 dire flail of crushing
              (3 damage)
             ... on level 6 of the Dungeon.
             The game lasted 00:18:33 (7440 turns).

Klosterheim the Caller (Purple Draconian Summoner)  Turns: 7440, Time: 00:18:34

Health: -1/56      AC:  6    Str: 14    XL:     7   Next: 49%
Magic:  11/13      EV: 12    Int: 20    God:    Cheibriados [*.....]
Gold:   315        SH:  0    Dex: 14    Spells: 6/14 levels left

rFire    . . .     SeeInvis +   B - +0 glaive
rCold    . . .     Gourm    .   (armour unavailable)
rNeg     . . .     Faith    .   (shield currently unavailable)
rPois    .         Spirit   .   (helmet restricted)
rElec    .         Reflect  .   (no cloak)
rCorr    .         Harm     .   (no gloves)
MR       ++...                  (no boots)
Stlth    ++........             (no amulet)
Regen    0.2/turn               n - ring of see invisible
                                t - ring of protection from magic

@: very slow
A: breathe power, unfitting armour, cold-blooded, AC +6
a: Breathe Dispelling Energy, Bend Time, Renounce Religion


You were on level 6 of the Dungeon.
You worshipped Cheibriados.
Cheibriados was aware of your devotion.
You were not hungry.

You visited 2 branches of the dungeon, and saw 7 of its levels.

You collected 315 gold pieces.

Inventory:

Hand Weapons
 B - a +0 glaive (weapon)
Jewellery
 j - an uncursed ring of flight
 n - a ring of see invisible (right hand)
 t - a ring of protection from magic (left hand)
 w - a +3 amulet of reflection {unknown}
Wands
 c - a wand of polymorph (11/24)
Scrolls
 d - a scroll of blinking
 i - 2 scrolls of remove curse
 o - a scroll of enchant weapon
 p - 3 scrolls of teleportation
 u - 6 scrolls of identify
 y - a scroll of silence {unknown}
Potions
 e - 2 potions of berserk rage {unknown}
 f - a potion of mutation {unknown}
 h - a potion of curing
 l - a potion of cancellation {unknown}
 m - 2 potions of haste
 q - a potion of might {unknown}
 r - a potion of heal wounds {unknown}
 s - a potion of invisibility
 v - 2 potions of resistance {unknown}
 A - a potion of brilliance {unknown}
Books
 a - a book of Callings

   Spells                             Type                      Level
   a - Summon Small Mammal            Summoning                    1
   b - Call Imp                       Summoning                    2
   c - Call Canine Familiar           Summoning                    3
   d - Summon Guardian Golem          Hexes/Summoning              3
   e - Summon Lightning Spire         Summoning/Air                4
   f - Summon Ice Beast               Ice/Summoning                4
Comestibles
 b - 3 bread rations
 g - 5 meat rations
 k - a royal jelly
 z - 3 chunks of flesh


   Skills:
 - Level 2.5 Fighting
 - Level 3.2 Polearms
 - Level 1.7 Dodging
 - Level 3.3 Stealth
 + Level 4.2 Spellcasting
 + Level 6.2 Summonings
 + Level 2.6 Air Magic


You had 6 spell levels left.
You knew the following spells:

 Your Spells              Type           Power        Failure   Level  Hunger
a - Summon Small Mammal   Summ           ####         1%          1    None
b - Call Canine Familiar  Summ           ####....     3%          3    ###....
c - Summon Lightning Spi  Summ/Air       ###.....     21%         4    ####...


Dungeon Overview and Level Annotations

Branches:
Dungeon (6/15)             Temple (1/1) D:4

Altars:
Ashenzari
Cheibriados
Dithmenos
Elyvilon
Fedhas
Kikubaaqudgha
Makhleb
Nemelex Xobeh
Okawaru
Qazlal
Ru
Trog
Uskayaw
Vehumet
Xom
Yredelemnul
Zin
The Shining One

Shops:
D:4 [   D:6 [

Annotations:
D:6 Dowan, Duvessa, Edmund


Innate Abilities, Weirdness & Mutations

You can breathe bolts of dispelling energy.
Your rich purple scales are hard. (AC +6)
You cannot fit into any form of body armour.
You are cold-blooded and may be slowed by cold attacks.


Message History

Your hound barely misses Edmund.
Edmund hits you but does no damage.
You barely miss Edmund. You tail-slap Edmund.
Edmund is almost dead.
Your hound bites Edmund.
Your hound closely misses Edmund.
Edmund hits you but does no damage.
You closely miss Edmund.
Your tail-slap misses Edmund.
Edmund is almost dead.
Your hound barely misses Edmund.
Your hound bites Edmund.
Edmund hits you with a dire flail of crushing!
Your hound closely misses Edmund.
You closely miss Edmund. You tail-slap Edmund.
Edmund is almost dead.
Your hound bites Edmund but does no damage.
Edmund asks, "Have you met my wondrous brother?"
Edmund hits you with a dire flail of crushing!
* * * LOW HITPOINT WARNING * * *
Your hound barely misses Edmund.
Edmund hits you with a dire flail of crushing!
* * * LOW HITPOINT WARNING * * *
You die...

#..# #.....#### #..
#..# ##......... ##.
#..# #.......... #..#
#.........# #..#
#.........# ##.#
#........## #.#
#........#. #.######
#..@h......
##.#....###..@.....##
#..#.##.8..∩..8...##
#....######.#....##
#....# ##.....##
#..=.# #.....##
#...## #...### #...##
##.<## #....# #..##
#....# ##.##


You could see Edmund and a friendly hound.

Vanquished Creatures
  A scorpion (D:6)
  2 bullfrog zombies (D:5)
  5 hounds
  A centaur skeleton (D:6)
  2 orc wizards (D:5)
  An iguana (D:5)
  3 worker ants
  5 gnolls
  5 adders
  A shadow imp (D:3)
  2 oozes
  An adder skeleton (D:5)
  A worm (D:3)
  A leopard gecko (D:3)
  8 orcs
  4 bats
  10 giant cockroaches
  10 goblins
  9 hobgoblins
  10 kobolds
  2 quokkas
  8 frilled lizards
  A leopard gecko skeleton (D:5)
  14 rats
107 creatures vanquished.

Vanquished Creatures (collateral kills)
  An ogre (D:5)
  A gnoll shaman (D:4)
  An iguana (D:5)
  An orc wizard (D:5)
  Ijyb (D:2)
  2 gnolls
  3 adders
  2 worms
  2 orcs (D:5)
  A ball python (D:2)
  A hobgoblin (D:2)
  A kobold (D:2)
  A quokka (D:4)
  A bat (D:2)
  A rat (D:2)
20 creatures vanquished.

Vanquished Creatures (others)
  4 toadstools (D:1)
4 creatures vanquished.

Grand Total: 131 creatures vanquished

Notes
Turn   | Place    | Note
-------+----------+-------------------------------------------
     0 | D:1      | Klosterheim the Draconian Summoner began the quest for the Orb.
     0 | D:1      | Reached XP level 1. HP: 14/14 MP: 3/3
   351 | D:1      | Reached XP level 2. HP: 14/20 MP: 5/5
  1011 | D:1      | Reached XP level 3. HP: 26/26 MP: 6/6
  1045 | D:1      | Reached skill level 5 in Summonings
  1183 | D:2      | Noticed Ijyb
  1527 | D:2      | Learned a level 3 spell: Call Canine Familiar
  1663 | D:2      | Killed Ijyb
  1888 | D:2      | Reached XP level 4. HP: 30/33 MP: 7/7
  3040 | D:3      | Reached XP level 5. HP: 29/38 MP: 2/8
  3263 | D:3      | Learned a level 4 spell: Summon Lightning Spire
  3831 | D:4      | Found a staircase to the Ecumenical Temple.
  3849 | Temple   | Entered the Ecumenical Temple
  3979 | Temple   | Became a worshipper of Cheibriados the Contemplative
  4066 | D:4      | Found a shattered altar of Ashenzari.
  4095 | D:4      | Reached skill level 1 in Air Magic
  4263 | D:4      | Found Qoejoo's Antique Armour Emporium.
  4412 | D:4      | Reached XP level 6. HP: 42/45 MP: 10/10
  4474 | D:5      | Entered Level 5 of the Dungeon
  4529 | D:4      | Reached skill level 6 in Summonings
  5209 | D:5      | Reached skill level 1 in Fighting
  5209 | D:5      | Reached skill level 1 in Polearms
  5806 | D:5      | Reached * piety under Cheibriados
  5806 | D:5      | Your scales start taking on a rich purple colour.
  5806 | D:5      | Reached XP level 7. HP: 55/55 MP: 12/12
  6269 | D:5      | Found a bloodstained altar of Trog.
  6914 | D:6      | Noticed Edmund
  6922 | D:6      | Noticed Dowan
  6923 | D:6      | Noticed Duvessa
  7035 | D:6      | Found Mena's Armour Emporium.
  7440 | D:6      | HP: 2/56 [Edmund/dire flail of crushing (14)]
  7440 | D:6      | Slain by Edmund

Vault maps used:
D:1:      ldierk_walled_garden_2, minmay_misc_feat_ornament
D:2:      st_stairs_5, kennysheep_generic_room_7, uniq_iyjb
D:3:      minmay_misc_feat_cross
D:4:      nicolae_overflow_crystal_walls, minmay_temple_entry_grid,
          serial_shops, shop, first_bread
D:5:      lightli_temple_of_fire, small_statue_intersection
D:6:      serial_shops, shop_statue, uniq_sigmund, uniq_duvessa, uniq_edmund
Temple:   nicolae_temple_elliptical

Skill      XL: |  1  2  3  4  5  6  7 |
---------------+----------------------+-----
Summonings     | 5 6 |  6.2
Stealth        | 2 3 |  3.3
Air Magic      | 1 2 |  2.6
Spellcasting   | 3 4 |  4.2
Fighting       | 2 |  2.5
Polearms       | 2 3 |  3.2
Dodging        | |  1.7

Action                   |  1- 3 |  4- 6 |  7- 9 || total
-------------------------+-------+-------+-------++-------
Melee: Dagger            |   115 |   136 |       ||   251
       Unarmed           |     2 |       |       ||     2
       Tailslap          |     5 |    24 |    10 ||    39
       Halberd           |       |    57 |    56 ||   113
       Glaive            |       |       |     8 ||     8
 Cast: Summon Small Mamm |     5 |     4 |     1 ||    10
       Call Canine Famil |     2 |    19 |     5 ||    26
  Use: Scroll            |     2 |     8 |       ||    10
       Potion            |       |     3 |       ||     3
 Stab: Sleeping          |     7 |     8 |     2 ||    17
       Distracted        |       |     1 |       ||     1
  Eat: Chunk             |     3 |    13 |     3 ||    19
       Royal jelly       |       |     1 |       ||     1
Armor: Skin              |    35 |    53 |    18 ||   106
Dodge: Dodged            |    55 |   127 |    37 ||   219
